 Dungeon Crawl Stone Soup version 0.30.0-20-g3615ddf2f0 (webtiles) character file.

Game seed: 5860090619418876196

84 qw the Chopper (level 4, -10/28 HPs)
             Began as a Gargoyle Fighter on June 1, 2023.
             Killed by divine providence
             ... invoked by an orc priest
              (14 damage)
             ... on level 2 of the Dungeon.
             The game lasted 00:00:53 (1134 turns).

qw the Chopper (Gargoyle Fighter)                   Turns: 1134, Time: 00:00:54

Health: -10/28     AC: 10    Str: 21    XL:     4   Next: 45%
Magic:  4/4        EV:  9    Int:  9    God:
Gold:   85         SH:  4    Dex:  9    Spells: 3/3 levels left

rFire   + . .        Y - +0 war axe
rCold   + . .        c - +0 buckler
rNeg    + . .        b - +0 scale mail
rPois   inf          (no helmet)
rElec   +            h - scarf {rC+ rF+}
rCorr   .            (no gloves)
SInv    .            (no boots)
Will    .....        (no amulet) Stlth
                     (no ring)
HPRegen 0.24/turn    (no ring)
MPRegen 0.09/turn

%: no passive effects
@: no status effects
A: sickness immunity, AC +3, negative energy resistance 1, electricity
resistance, torment resistance 1, petrification resistance
a: no special abilities


You were on level 2 of the Dungeon.
You visited 1 branch of the dungeon, and saw 2 of its levels.

You collected 85 gold pieces.


Innate Abilities, Weirdness & Mutations

You are immune to sickness and miasma.
Your stone body is resilient. (AC +3)
You are immune to poison.
You resist negative energy. (rN+)
You are resistant to electric shocks. (rElec)
You are resistant to unholy torment.
You are immune to petrification.


   Skills:
 - Level 3.2 Fighting
 + Level 4.1 Axes
 - Level 3.2 Armour
 - Level 3.2 Shields


You had 3 spell levels left.
You didn't know any spells.
Your spell library was empty.

Inventory:

Hand Weapons
 g - a +0 whip
 Y - a +0 war axe (weapon)
Armour
 b - a +0 scale mail (worn)
 c - a +0 buckler (worn)
 e - a +2 cloak
 h - a scarf of resistance (worn)
 m - a +2 kite shield
Scrolls
 j - a scroll of noise {unknown}
 k - 2 scrolls of identify {unknown}
 l - a scroll of amnesia {unknown}
Potions
 a - a potion of curing
 d - a potion of might
 f - a potion of invisibility {unknown}
 i - a potion of cancellation {unknown}

Dungeon Overview and Level Annotations

Branches:
Dungeon (2/15)

Altars:

Shops:
D:1 ?:


Message History

The orc wizard hits you but does no damage.
You closely miss the orc wizard.
The orc wizard is moderately wounded.
You hit the orc. You block the orc's attack. The orc wizard barely misses you.
You slash the orc!
You kill the orc!
You slash the orc wizard!
The orc priest calls down the wrath of Beogh upon you.
You barely resist.
The orc priest calls down the wrath of Beogh upon you.
Beogh smites you!
Ouch! That really hurt!
You block the orc's attack.
The orc wizard hits you but does no damage.
You closely miss the orc wizard.
The orc wizard is almost dead.
You closely miss the orc.
The orc wizard hits you with a +0 dagger.
The orc hits you with a +0 short sword.
You slash the orc wizard!
You kill the orc wizard!
You hit the orc. You block the orc's attack.
Your Axes skill increases to level 4!
You have reached level 4!
You feel clever.
You slash the orc!
You kill the orc!
You hit the orc. The orc hits you with a +0 dagger. The orc closely misses you.
You barely miss the orc.
The orc is lightly wounded.
The orc hits you but does no damage.
You slash the orc!
You kill the orc!
You start resting.
An orc priest is nearby!
The orc priest invokes the aid of Beogh against you.
Beogh smites you!
Ouch! That really hurt!
You die...

..........#
###....#########...
..........# #<.....#
#... ##........##
###....# #...
.............. #....#
#### ....###.......
#....# #.. ....#
#....... ###### #.#
###.####################
#..
#.##..........).......
#####
#....#########@.....!.
#.... ##..##
............... #.#..
#..# .#...#.o....... #.#
#..# .... .......... #..
#..# ... .....###... ###
##.#$ .. ......# ...
#.##.. ...#...# ## # #.#
#.........# # ..# ##


You could see an orc priest.

Vanquished Creatures
  An orc wizard (D:2)
  A worm (D:2)
  4 orcs (D:2)
  5 endoplasms
  6 goblins
  3 hobgoblins
  4 jackals (D:1)
  6 kobolds
  2 quokkas
  5 ball pythons
  7 bats
  A frilled lizard (D:2)
  3 rats
48 creatures vanquished.

Notes
Turn   | Place    | Note
-------+----------+-------------------------------------------
     0 | D:1      | qw the Gargoyle Fighter began the quest for the Orb.
     0 | D:1      | Reached XP level 1. HP: 14/14 MP: 1/1
     0 | D:1      | 0 ||| qw: Version: 0.2-a-102-gdf20003
     0 | D:1      | 0 ||| qw: Game counter: 765
     0 | D:1      | 0 ||| qw: Always use a shield: true
     0 | D:1      | 0 ||| qw: God list: Okawaru
     0 | D:1      | 0 ||| qw: Allow faded altars: false
     0 | D:1      | 0 ||| qw: Do Orc after D:15 true
     0 | D:1      | 0 ||| qw: Do second Lair branch before Depths: true
     0 | D:1      | 0 ||| qw: Lair rune preference: random
     0 | D:1      | 0 ||| qw: Plans: Normal, Zot:1-4, Slime:5, God:TSO, Crypt,
                  | Tomb, Pan, Hells, Abyss, Win
     0 | D:1      | 0 ||| PLANNING D:1-11
    42 | D:1      | 42 ||| Stepping ~*~*~tactically~*~*~ (stealth).
    52 | D:1      | Reached skill level 2 in Axes
    79 | D:1      | Found Wyida Aty's Book Shop.
    97 | D:1      | 97 ||| Stepping ~*~*~tactically~*~*~ (stealth).
   133 | D:1      | Reached XP level 2. HP: 19/19 MP: 2/2
   176 | D:1      | Found The Oracle's Delphic Readings.
   187 | D:1      | 187 ||| SHOPLISTING scroll of identify (22 gold, have 13).
   215 | D:1      | 215 ||| Stepping ~*~*~tactically~*~*~ (stealth).
   216 | D:1      | 216 ||| Stepping ~*~*~tactically~*~*~ (stealth).
   220 | D:1      | 220 ||| Stepping ~*~*~tactically~*~*~ (stealth).
   221 | D:1      | 221 ||| Stepping ~*~*~tactically~*~*~ (stealth).
   266 | D:1      | 266 ||| Stepping ~*~*~tactically~*~*~ (stealth).
   464 | D:1      | 464 ||| Stepping ~*~*~tactically~*~*~ (stealth).
   468 | D:1      | Reached skill level 3 in Axes
   473 | D:1      | Reached XP level 3. HP: 23/23 MP: 3/3
   582 | D:1      | 582 ||| Stepping ~*~*~tactically~*~*~ (hiding).
   638 | D:1      | 638 ||| UPGRADING to +2 cloak.
   643 | D:1      | 643 ||| UPGRADING to scarf of resistance.
   653 | D:1      | 653 ||| READING scroll labelled ASUIWO WEIXKAG.
   713 | D:2      | Found a faded altar of an unknown god.
   752 | D:2      | 752 ||| DRINKING 2 fizzy white potions.
  1116 | D:2      | 1116 ||| Stepping ~*~*~tactically~*~*~ (hiding).
  1125 | D:2      | 1125 ||| DRINKING 2 potions of curing.
  1125 | D:2      | 1125 ||| (to cure confusion)
  1128 | D:2      | HP: 5/23 [orc wizard/+0 dagger (4)]
  1128 | D:2      | HP: 2/23 [orc/+0 short sword (3)]
  1130 | D:2      | Reached skill level 4 in Axes
  1130 | D:2      | Reached XP level 4. HP: 3/28 MP: 4/4
  1134 | D:2      | Killed from afar by an orc priest

Levels and vault maps discovered:
D:1:      minmay_arrival_radiant_lines, layout_rooms, serial_shops,
          nicolae_shop_tiny_glass, dk_noncrumbling_4, st_stairs_3,
          nicolae_nh_oracle_at_delphi
D:2:      cheibrodos_pilgrimage, layout_basic, basic_ecumenical_altar,
          minmay_strange_pillars, minmay_tromino_mix6

Skill      XL: |  1  2  3 |
---------------+----------+-----
Axes           | 2 3 4 |  4.1
Fighting       | |  3.2
Armour         | |  3.2
Shields        | |  3.2

Action                     |  1- 3 |  4- 6 || total
---------------------------+-------+-------++-------
  Melee: War axe           |   154 |     3 ||   157
    Use: Potion            |     2 |       ||     2
         Scroll            |     1 |       ||     1
 Armour: Scale mail        |    81 |     1 ||    82
  Dodge: Dodged            |    77 |     1 ||    78
  Block: Buckler           |    37 |       ||    37

Table legend:
 A = Non-vault XP
 B = Vault XP
 C = Vault XP percentage of total XP
 D = Non-vault monster count
 E = Vault monster count
 F = Vault count percentage of total count
                 A         B        C        D         E       F
            +---------+---------+-------+---------+---------+-------
      Total |      62 |      58 |  48.3 |      36 |      12 |  25.0
            +---------+---------+-------+---------+---------+-------
        D:1 |      33 |       7 |  17.5 |      20 |       4 |  16.7
        D:2 |      29 |      51 |  63.8 |      16 |       8 |  33.3
            +---------+---------+-------+---------+---------+-------
